 Dungeon Crawl Stone Soup version 0.23-a0-378-gd7a6ca6 (webtiles) character file.

69 MisterFreud the Sneak (level 4, -5/36 HPs)
             Began as a Naga Ice Elementalist on Oct 27, 2018.
             Slain by a necrophage (7 damage)
             ... on level 2 of the Dungeon.
             The game lasted 00:06:13 (2131 turns).

MisterFreud the Sneak (Naga Ice Elementalist)       Turns: 2131, Time: 00:06:14

Health: -5/36      AC:  3    Str: 10    XL:     4   Next: 20%
Magic:  0/7        EV:  9    Int: 20    God:
Gold:   100        SH:  3    Dex: 12    Spells: 1/7 levels left

rFire    . . .     SeeInvis +   d - +0 short sword
rCold    . . .     Gourm    .   i - +0 buckler
rNeg     . . .     Faith    .   a - +0 robe
rPois    +         Spirit   .   n - +0 helmet
rElec    .         Reflect  .   (no cloak)
rCorr    .         Harm     .   (no gloves)
MR       .....                  (no barding)
Stlth    +++.......             (no amulet)
HPRegen  0.12/turn              b - +4 ring of intelligence
MPRegen  0.10/turn              (no ring)

@: very slow
A: large, see invisible, deformed body, poison resistance, slowness 2, slow
metabolism 1, spit poison 1, AC +1
a: Spit Poison


You were on level 2 of the Dungeon.
You were not hungry.

You visited 1 branch of the dungeon, and saw 3 of its levels.

You collected 100 gold pieces.

Inventory:

Hand Weapons
 d - a +0 short sword (weapon)
Missiles
 f - 37 stones (quivered)
 g - 16 poisoned needles
 h - 17 sling bullets
Armour
 a - a +0 robe (worn)
 i - a +0 buckler (worn)
 n - a +0 helmet (worn)
Jewellery
 b - a +4 ring of intelligence (left hand)
Scrolls
 k - a scroll of blinking
 l - 2 scrolls of teleportation
Potions
 j - a potion of agility {unknown}
 m - a potion of brilliance {unknown}
Comestibles
 c - 6 rations
 o - 3 chunks of flesh


   Skills:
 - Level 1.5 Dodging
 - Level 5.0 Stealth
 + Level 1.1 Shields
 - Level 2.0 Spellcasting
 - Level 1.0 Conjurations
 + Level 3.8 Ice Magic


You had one spell level left.
You knew the following spells:

 Your Spells              Type           Power        Failure   Level  Hunger
a - Freeze                Ice            ###.         4%          1    #......
b - Throw Frost           Conj/Ice       ##....       12%         2    ##.....
c - Ozocubu's Armour      Chrm/Ice       #.......     28%         3    ###....

Your spell library contained the following spells:

 Spells                   Type           Power        Failure   Level  Hunger
 Throw Icicle             Conj/Ice       ##......     58%         4    #####..
 Summon Ice Beast         Ice/Summ       #.......     67%         4    #####..


Dungeon Overview and Level Annotations

Branches:
Dungeon (3/15)

Altars:


Innate Abilities, Weirdness & Mutations

You cannot wear boots.
Your serpentine skin is tough. (AC +1)
You have supernaturally acute eyesight. (SInv)
Armour fits poorly on your strangely shaped body.
Your system is resistant to poisons. (rPois)
You cover ground very slowly.
You have a slow metabolism.
You can spit poison.


Message History

Unknown command.
Unknown command.
You hit the necrophage.
The necrophage is almost destroyed.
The necrophage hits you!
* * * LOW HITPOINT WARNING * * *
You feel your flesh rotting away!
You feel better. The necrophage hits you.
* * * LOW HITPOINT WARNING * * *
You barely miss the necrophage.
The necrophage is almost destroyed.
The necrophage hits you.
* * * LOW HITPOINT WARNING * * *
You closely miss the necrophage.
The necrophage is almost destroyed.
The necrophage hits you but does no damage.
You hit the necrophage.
The necrophage is almost destroyed.
The necrophage hits you!
You die...

#.<..........#
#....#.#.#...##
...................
.#....####....##.###
......# #.####..#
.#..... .... ..#
....... .....# #.#
#.#...#...##..##n# ..
..#@# ..# .#
#.#.###.###.#
##.#.........
#.........(# .# ##
#.........## #..# .
#........#####....# #
#.............. .## #
#......######### ..#
#
######.รท.......##..#


You could see a necrophage.

Vanquished Creatures
  2 adders (D:2)
  An ooze (D:2)
  3 dart slugs
  2 leopard geckos
  4 bats (D:1)
  3 giant cockroaches
  7 goblins
  6 hobgoblins
  3 kobolds
  3 frilled lizards (D:1)
  3 rats
37 creatures vanquished.

Notes
Turn   | Place    | Note
-------+----------+-------------------------------------------
     0 | D:1      | MisterFreud the Naga Ice Elementalist began the quest for
                  | the Orb.
     0 | D:1      | Reached XP level 1. HP: 15/15 MP: 3/3
   239 | D:1      | Reached skill level 4 in Stealth
   429 | D:1      | Reached XP level 2. HP: 15/22 MP: 1/5
   730 | D:1      | Reached skill level 5 in Stealth
   907 | D:1      | Reached XP level 3. HP: 21/28 MP: 3/6
  1368 | D:1      | Learned a level 2 spell: Throw Frost
  1372 | D:1      | Learned a level 3 spell: Ozocubu's Armour
  1574 | D:2      | Noticed a necrophage
  1942 | D:2      | Reached XP level 4. HP: 32/36 MP: 3/7
  2094 | D:2      | Reached skill level 1 in Shields
  2129 | D:2      | HP: 1/36 [necrophage (5)]
  2131 | D:2      | Slain by a necrophage

Vault maps used:
D:1:      lightli_arrival_windingriver, corexii_leaking_fountain
D:2:      serial_co_window_serial, co_window_corner_a, co_window_cross_1,
          co_window_paths_a, co_window_paths_a, co_window_cross_1,
          co_window_cross_4, co_window_cross_4, co_window_corner_b,
          co_window_corner_ca, co_window_4corner_b, glass_columns_a,
          glass_columns_a, glass_columns_b, minmay_misc_feat_enclosed
D:3:      uniq_grinder, uniq_ijyb, uniq_crazy_yiuf_cottage

Skill      XL: |  1  2  3  4 |
---------------+-------------+-----
Stealth        | 4 5 |  5.0
Shields        | 1 |  1.1
Dodging        | |  1.5
Spellcasting   | |  2.0
Conjurations   | |  1.0
Ice Magic      | |  3.8

Action                   |  1- 3 |  4- 6 || total
-------------------------+-------+-------++-------
Melee: Short sword       |    27 |    12 ||    39
       Unarmed           |     2 |       ||     2
 Cast: Freeze            |    42 |    11 ||    53
       Throw Frost       |       |     1 ||     1
  Use: Scroll            |     4 |       ||     4
       Potion            |       |     2 ||     2
 Stab: Sleeping          |     7 |       ||     7
  Eat: Chunk             |     2 |     1 ||     3
Armor: Robe              |    20 |     4 ||    24
Dodge: Dodged            |    35 |     3 ||    38
Block: Buckler           |     3 |     1 ||     4

Table legend:
 A = Non-vault XP
 B = Vault XP
 C = Vault XP percentage of total XP
 D = Non-vault monster count
 E = Vault monster count
 F = Vault count percentage of total count
                 A         B        C        D         E       F
            +---------+---------+-------+---------+---------+-------
      Total |      99 |       0 |   0.0 |      37 |       0 |   0.0
            +---------+---------+-------+---------+---------+-------
        D:1 |      45 |       0 |   0.0 |      24 |       0 |   0.0
        D:2 |      54 |       0 |   0.0 |      13 |       0 |   0.0
            +---------+---------+-------+---------+---------+-------
